 Dungeon Crawl Stone Soup version 0.26.1-10-gdfb7c7de75 (webtiles) character file.

Game seed: 17363437903749823622

431 nightchill the Cudgeller (level 6, 0/40 HPs)
             Began as a Gargoyle Fighter on Apr 6, 2021.
             Was an Initiate of Gozag.
             Slain by a scorpion (5 damage)
             ... on level 4 of the Dungeon.
             The game lasted 00:06:20 (3823 turns).

nightchill the Cudgeller (Gargoyle Fighter)         Turns: 3823, Time: 00:06:21

Health: 0/40       AC: 13    Str: 18 (19) XL:     6   Next: 99%
Magic:  15/15      EV:  7    Int:  8 (11) God:    Gozag
Gold:   316        SH:  8    Dex:  7 (9)  Spells: 5/5 levels left

rFire    . . .     SeeInvis .   a - +0 flail
rCold    . . .     Faith    +   c - +0 kite shield
rNeg     + + .     Spirit   .   b - +0 scale mail
rPois    ∞         Reflect  .   v - +0 helmet
rElec    +         Harm     .   (no cloak)
rCorr    .         Rampage  .   (no gloves)
Will     .....                  u - +0 pair of boots
Stlth    ..........             o - amulet of faith
HPRegen  0.13/turn              f - ring of magical power (curse)
MPRegen  0.14/turn              m - ring of positive energy

@: very slightly contaminated, hasted (expiring), invisible, very quick
A: negative energy resistance 1, electricity resistance, unbreathing,
petrification resistance, miasma immunity, AC +4
a: Renounce Religion, Potion Petition, Call Merchant, Bribe Branch


You were on level 4 of the Dungeon.
You worshipped Gozag.
Gozag was aware of your devotion.
You visited 1 branch of the dungeon, and saw 4 of its levels.

You collected 373 gold pieces.
You paid 57 gold pieces to Gozag.

Inventory:

Hand Weapons
 a - a +0 flail (weapon)
Armour
 b - a +0 scale mail (worn)
 c - a +0 kite shield (worn)
 u - a +0 pair of boots (worn)
 v - a +0 helmet (worn)
Jewellery
 f - a cursed ring of magical power (left hand)
 m - a ring of positive energy (right hand)
 o - an amulet of faith (around neck)
 y - an uncursed ring of protection from cold
Wands
 x - a wand of paralysis (7)
Scrolls
 e - 4 scrolls of blinking {unknown}
 i - 2 scrolls of fear {unknown}
 k - 7 scrolls of identify {unknown}
 l - a scroll of teleportation {unknown}
 n - a scroll of amnesia {unknown}
 p - a scroll of random uselessness {unknown}
 q - a scroll of magic mapping {unknown}
 r - a scroll of immolation {unknown}
 t - 2 scrolls of noise {unknown}
 w - a scroll of remove curse {unknown}
Potions
 d - 2 potions of might
 h - a potion of flight
 j - 2 potions of degeneration


   Skills:
 + Level 5.4 Fighting
 * Level 6.0 Maces & Flails
 - Level 3.2 Armour
 - Level 3.2 Shields


You had 5 spell levels left.
You didn't know any spells.
Your spell library was empty.

Dungeon Overview and Level Annotations

Branches:
Dungeon (4/15)             Temple (0/1) D:4

Altars:
Gozag

Shops:
D:3 *

Annotations:
D:3 3 runed translucent doors, Nebesus's ghost, amateur HuFE


Innate Abilities, Weirdness & Mutations

You are resistant to torment.
Your stone body is resilient. (AC +4)
You are immune to poison.
You resist negative energy. (rN+)
You are resistant to electric shocks. (rElec)
You can survive without breathing.
You are immune to petrification.
You are immune to miasma.


Message History

Beogh smites you!
* * * LOW HITPOINT WARNING * * *
It was a potion of invisibility.
You fade into invisibility!
The scorpion barely misses you.
You are very lightly contaminated with residual magic.
Things that are here:
a +0 dagger; a +0 robe
Things that are here:
a cursed +5 battleaxe; a +0 robe You start resting.
A scorpion is nearby!
A scorpion is nearby!
A scorpion is nearby!
Your extra speed is starting to run out.
You sock the scorpion!
The scorpion is moderately wounded.
The scorpion stings you.
You die...
Your body crumbles into a pile of gold.

#..#..# ... #..... ##.###o##
....#..... ###..#.#..###
#.......
####...##.##...####.......
####....###...###o...#####.##
.....)......#...####.......##
####....###...###..$.#######
####...##s##.o.####
###).#@#..### ##)###s##
#..#..# ##s#.## #.#.# #.s.#
##.## #.# #.#


You could see a scorpion.

Vanquished Creatures
  3 wights (D:4)
  A centaur skeleton (D:4)
  3 orc wizards
  A worker ant (D:4)
  A hound skeleton (D:4)
  A worker ant zombie (D:3)
  8 adders
  An ooze (D:3)
  3 dart slugs
  2 leopard geckos
  6 orcs (D:3)
  6 bats
  4 giant cockroaches
  6 goblins
  8 hobgoblins
  4 jackals (D:4)
  4 kobolds
  3 quokkas
  2 frilled lizards
  6 rats
73 creatures vanquished.

Notes
Turn   | Place    | Note
-------+----------+-------------------------------------------
     0 | D:1      | nightchill the Gargoyle Fighter began the quest for the
                  | Orb.
     0 | D:1      | Reached XP level 1. HP: 14/14 MP: 1/1
   309 | D:1      | Reached XP level 2. HP: 19/19 MP: 2/2
   836 | D:1      | Reached skill level 3 in Maces & Flails
   836 | D:1      | Reached XP level 3. HP: 21/24 MP: 3/3
  2143 | D:3      | Reached XP level 4. HP: 29/29 MP: 4/4
  2203 | D:3      | Reached skill level 4 in Maces & Flails
  2203 | D:3      | Reached XP level 5. HP: 28/34 MP: 5/5
  2354 | D:3      | Found Gozag's Platinum Reserve.
  2363 | D:3      | Found an opulent altar of Gozag.
  2420 | D:3      | Found a runed translucent gate.
  2421 | D:3      | Found a runed translucent gate.
  2422 | D:3      | Found a runed translucent gate.
  2452 | D:3      | Became a worshipper of Gozag Ym Sagoz the Greedy
  2480 | D:3      | Noticed Nebesus's ghost (amateur HuFE)
  3051 | D:4      | Found a staircase to the Ecumenical Temple.
  3213 | D:4      | Reached skill level 5 in Maces & Flails
  3213 | D:4      | Reached XP level 6. HP: 35/40 MP: 6/6
  3353 | D:4      | Reached skill level 5 in Fighting
  3740 | D:4      | Reached skill level 6 in Maces & Flails
  3789 | D:4      | HP: 2/40 [orc priest/divine providence (13)]
  3823 | D:4      | Slain by a scorpion

Illustrated notes

Levels and vault maps discovered:
D:1:      minmay_arrival_open_corners, layout_loops_corners
D:2:      layout_loops_corners
D:3:      layout_basic, nicolae_gozag_zags_fifth_avenue, gammafunk_ghost_split,
          minmay_door_square, minmay_surrounded
D:4:      minmay_general_purpose_star, layout_rooms, minmay_temple_entry_hall,
          corexii_hall_statues_i

Skill      XL: |  1  2  3  4  5  6 |
---------------+-------------------+-----
Maces & Flails | 3 4 5 6 |  6.0
Fighting       | 4 5 |  5.4
Armour         | |  3.2
Shields        | |  3.2

Action                   |  1- 3 |  4- 6 || total
-------------------------+-------+-------++-------
Melee: Flail             |   113 |   287 ||   400
  Use: Potion            |       |     5 ||     5
Armor: Scale mail        |    61 |   164 ||   225
Dodge: Dodged            |    25 |    83 ||   108
Block: Kite shield       |    64 |   140 ||   204
